 Dungeon Crawl Stone Soup version 0.31.0-11-ge490571c62 (webtiles) character file.

Game seed: 5788658519671797624

1002 Killerpretzel the Changeling (level 8, -2/54 HPs)
             Began as an Octopode Shapeshifter on Feb 10, 2024.
             Slain by an ice beast (3 damage)
             ... on level 5 of the Dungeon.
             The game lasted 00:11:57 (4360 turns).

Killerpretzel the Changeling (OpSh)                 Turns: 4360, Time: 00:11:57

Health: -2/54      AC:  5    Str: 13    XL:     8   Next: 20%
Magic:  17/17      EV: 14    Int: 13    God:
Gold:   335        SH:  0    Dex: 13    Spells: 7/7 levels left

rFire   . .          .
                       - Unarmed
rCold   . . .        (no shield)
rNeg    . . .        (helmet currently unavailable)
rPois   .            o - amulet of faith
rElec   .            f - ring of magical power
rCorr   .            r - +4 ring of protection
SInv    .            u - ring of flight
Will    .....        (no ring)
Stlth   ++           (no ring)
HPRegen 0.29/turn    (no ring)
MPRegen 0.15/turn    (no ring)
                     (no ring)

%: faith
@: beast-form, flying, hasted, very quick
A: beast (slay +3), almost no armour, amphibious, 8 rings, camouflage 1,
gelatinous body 1, (nimble swimmer 1), tentacles
a: Begin Untransformation


You were on level 5 of the Dungeon.
You were a hulking beast.
You visited 1 branch of the dungeon, and saw 5 of its levels.

You collected 335 gold pieces.

Inventory:

Missiles
 e - 5 boomerangs (quivered)
Jewellery
 f - a ring of magical power (left tentacle)
 o - an amulet of faith (around mantle)
 r - a +4 ring of protection (right tentacle)
 u - a ring of flight (on tentacle)
Talismans
 b - a beast talisman
 c - a flux talisman
 n - a maw talisman
Wands
 i - a wand of mindburst (14)
 w - a wand of flame (13)
Scrolls
 g - 6 scrolls of identify
 h - 2 scrolls of poison
 m - 2 scrolls of blinking {unknown}
 s - a scroll of noise {unknown}
 t - a scroll of immolation {unknown}
 v - a scroll of enchant weapon {unknown}
Potions
 a - 2 potions of lignification
 d - a potion of enlightenment {unknown}
 j - a potion of cancellation
 k - 2 potions of berserk rage
 l - a potion of resistance
 p - a potion of mutation {unknown}
 q - a potion of haste


   Skills:
 + Level 4.1 Fighting
 + Level 4.4 Dodging
 + Level 5.0 Unarmed Combat
 * Level 6.1 Shapeshifting


You had 7 spell levels left.
You didn't know any spells.
Your spell library contained the following spells:

 Spells                   Type           Power      Damage    Failure   Level
 Summon Small Mammal      Summ           0%         N/A       30%         1
 Call Canine Familiar     Summ           0%         N/A       67%         3
 Stone Arrow              Conj/Erth      0%         3d7       67%         3
 Summon Blazeheart Golem  Fire/Summ      0%         N/A       97%         4
 Sculpt Simulacrum        Ice/Alch       0%         N/A       100%        6
 Ozocubu's Refrigeration  Ice            0%         4d7       100%        7
 Lehudib's Crystal Spear  Conj/Erth      0%         10d2      100%        8
 Polar Vortex             Ice            0%         N/A       100%        9
 Animate Armour           Summ/Erth      Unusable   N/A       N/A         4

Dungeon Overview and Level Annotations

Branches:
Dungeon (5/15)
 Temple: D:4-7

Altars:
Ru

Shops:
D:4 **

Annotations:
D:2 Jessica
D:4 2 transporters


Innate Abilities, Weirdness & Mutations

You are a hulking beast.
Your limbs bulge with bestial killing power. (Slay +3)
You cannot wear most types of armour.
You are amphibious.
You can wear up to eight rings at the same time.
Your skin changes colour to match your surroundings (Stealth+).
Your rubbery body absorbs attacks. (AC +1, EV +1)
((You are camouflaged when in or above water. (Stealth+)))
You have tentacles for arms and can constrict up to eight enemies at once.


Message History

You tentacle-slap the centaur. You squeeze the centaur.
The centaur is almost dead.
The shadow imp hits you but does no damage.
The centaur hits you. The centaur barely misses you.
You bludgeon the centaur!
You kill the centaur!
The shadow imp misses you.
You completely miss the ice beast.
The shadow imp hits you but does no damage.
The ice beast hits you. The ice beast freezes you.
You tentacle-slap the ice beast.
You tentacle-slap the ice beast, but do no damage.
You squeeze the ice beast.
The ice beast is lightly wounded.
The shadow imp completely misses you. The ice beast hits you.
The ice beast freezes you!
You tentacle-slap the ice beast but do no damage.
You tentacle-slap the ice beast. You squeeze the ice beast.
The ice beast is moderately wounded.
The ice beast hits you but does no damage.
The shadow imp shouts, "Get thee hence, thou paunchy ill-nurtured mendicant!"
The shadow imp hits you.
You bludgeon the ice beast! Your squeeze misses the ice beast.
The ice beast is heavily wounded.
The shadow imp hits you.
The ice beast hits you but does no damage.
You tentacle-slap the ice beast.
The ice beast is severely wounded.
The shadow imp hits you.
* * * LOW HITPOINT WARNING * * *
The ice beast hits you.
* * * LOW HITPOINT WARNING * * *
The ice beast freezes you!
* * * LOW HITPOINT WARNING * * *
It was a potion of haste.
You feel yourself speed up.
The shadow imp grins evilly.
The shadow imp hits you.
* * * LOW HITPOINT WARNING * * *
The ice beast hits you.
You die...

. . # .# ##.
#.# ..# #..
#5# #.# ###
..
..###Y.#...
#.# #.#h#
#.### ..#
#5###....
#.#5#.#..#
#..###)..# #
#...#..#.#
#.#
....###.....#
#.#
.#.....#####
#.# .
#..###...#
#.#
##.......#
#.##


You could see an ice beast, a white imp and a shadow imp.

Vanquished Creatures
  Sigmund (D:2)
  2 ogres
  A centaur (D:5)
  A phantom (D:4)
  A scorpion (D:5)
  3 hounds
  3 orc priests
  An orc wizard (D:4)
  An iguana (D:4)
  Natasha (thrice) (D:4)
  3 adders
  2 ufetubi (D:5)
  4 dart slugs
  3 ribbon worms
  12 orcs
  7 endoplasms
  16 giant cockroaches
  10 goblins
  7 hobgoblins
  9 jackals (D:2)
  2 quokkas
  10 ball pythons
  3 bats
  3 frilled lizards
  3 kobolds
  2 rats
113 creatures vanquished.

Notes
Turn   | Place    | Note
-------+----------+-------------------------------------------
     0 | D:1      | Killerpretzel the Octopode Shapeshifter began the quest for
                  | the Orb.
     0 | D:1      | Reached XP level 1. HP: 13/13 MP: 1/1
   158 | D:1      | Reached XP level 2. HP: 16/18 MP: 2/2
   464 | D:1      | Reached XP level 3. HP: 23/23 MP: 3/3
  1374 | D:2      | Noticed Jessica
  1439 | D:2      | Noticed Sigmund
  1451 | D:2      | Killed Sigmund
  1452 | D:2      | Reached skill level 4 in Shapeshifting
  1452 | D:2      | Reached XP level 4. HP: 30/30 MP: 4/4
  1452 | D:2      | Reached XP level 5. HP: 35/35 MP: 5/5
  2213 | D:3      | Reached XP level 6. HP: 36/41 MP: 6/6
  3286 | D:4      | Noticed Natasha
  3295 | D:4      | Killed Natasha
  3296 | D:4      | Reached skill level 5 in Shapeshifting
  3296 | D:4      | Reached XP level 7. HP: 37/46 MP: 7/7
  3364 | D:4      | Found Iluesch's Overcharged Wands.
  3500 | D:4      | Found Zefoilotz's General Store.
  3506 | D:4      | Found a transporter.
  3613 | D:4      | Found a transporter.
  3656 | D:4      | Noticed Natasha
  3663 | D:4      | Killed Natasha
  3829 | D:4      | Noticed Natasha
  3838 | D:4      | Killed Natasha
  4011 | D:5      | Entered Level 5 of the Dungeon
  4154 | D:5      | Found a sacrificial altar of Ru.
  4330 | D:5      | Reached XP level 8. HP: 54/54 MP: 8/8
  4350 | D:5      | Reached skill level 5 in Unarmed Combat
  4350 | D:5      | Reached skill level 6 in Shapeshifting
  4359 | D:5      | HP: 1/54 [ice beast (10)]
  4360 | D:5      | Slain by an ice beast

Illustrated notes

Levels and vault maps discovered:
D:1:      minmay_arrival_split_and_join, layout_loops_ring, minmay_liquid_box,
          minmay_quantized
D:2:      layout_loops_ring, serial_bayou_lagoon_a, uniq_jessica, uniq_sigmund
D:3:      minmay_roachtagon, layout_basic
D:4:      gammafunk_wand_slinger, layout_loops_ring, serial_shops, shop,
          nicolae_shop_overcharged_wands, uniq_natasha
D:5:      layout_basic, minitemple, nicolae_ru_sacrificial_ziggurat,
          gup_sewer_entry_bowl, minmay_manual_mail

Skill      XL: |  1  2  3  4  5  6  7  8 |
---------------+-------------------------+-----
Fighting       | 2 3 4 |  4.1
Dodging        | 3 4 |  4.4
Shapeshifting  | 4 5 6 |  6.1
Unarmed Combat | 4 5 |  5.0

Action                     |  1- 3 |  4- 6 |  7- 9 || total
---------------------------+-------+-------+-------++-------
  Melee: Unarmed           |    88 |    83 |    93 ||   264
         Constrict         |    23 |    20 |    18 ||    61
         Tentacles         |    16 |    18 |    23 ||    57
         Punch             |     2 |     2 |     6 ||    10
    Use: Potion            |     1 |       |     1 ||     2
         Scroll            |       |     6 |       ||     6
   Stab: Sleeping          |     9 |     6 |     3 ||    18
 Armour: Skin              |    36 |    33 |    56 ||   125
  Dodge: Dodged            |    52 |    51 |    68 ||   171
